| TOP OF THE 1ST |
|
Fresno Grizzlies batting - Pitching for Charlotte Knights : LHP Carlos Toledo
|
|
Pitching: LHP Carlos Toledo
|
|
|
Batting: RHB Dale Young
|
0-0: Ball 1-0: Ball 2-0: Swinging Strike 2-1: Swinging Strike 2-2: Ball 3-2: Base on Balls
|
|
Batting: RHB Sam Spohn
|
0-0: Ball 1-0: Called Strike 1-1: Ball 2-1: Foul Ball, location: 2F 2-2: Ball 3-2: Foul Ball, location: 2F 3-2: Base on Balls Dale Young to second
|
|
Batting: LHB Angelo Vasquez
|
0-0: Ball 1-0: Ball 2-0: Called Strike 2-1: Swinging Strike 2-2: Ball 3-2: Strikes out swinging
|
|
Batting: RHB Elijah Hunter
|
0-0: Ball 1-0: Ball 2-0: Ball 3-0: Base on Balls Dale Young to third Sam Spohn to second
|
|
Batting: RHB Mark Marks
|
0-0: Foul Ball, location: 2F 0-1: Ground out 5-3 (Groundball, 56S, EV 75.0 MPH) Dale Young scores Sam Spohn to third Elijah Hunter to second
|
|
Batting: LHB Mark Dearth
|
0-0: Ball 1-0: Ball 2-0: Foul Ball, location: 2F 2-1: Ground out 5-3 (Groundball, 56S, EV 92.5 MPH)
|
| Top of the 1st over - 1 run, 0 hits, 0 errors, 2 left on base; Fresno 1 - Charlotte 0 |
| BOTTOM OF THE 1ST |
|
Charlotte Knights batting - Pitching for Fresno Grizzlies : RHP Andy Harrigan
|
|
Pitching: RHP Andy Harrigan
|
|
|
Batting: LHB John Thurman
|
0-0: Ground out 1-3 (Groundball, 25, EV 71.9 MPH)
|
|
Batting: LHB Joe Kirkland
|
0-0: Called Strike 0-1: Foul Ball, location: 2F 0-2: Foul Ball, location: 2F 0-2: SINGLE (Groundball, 34D, EV 103.8 MPH)
|
|
Batting: RHB Fletcher Easter
|
0-0: Swinging Strike 0-1: Called Strike 0-2: Strikes out swinging
|
|
Batting: RHB Ron Johansen
|
0-0: Called Strike 0-1: Foul Ball, location: 2F 0-2: Ball 1-2: Ball 2-2: Foul Ball, location: 2F 2-2: Strikes out swinging
|
| Bottom of the 1st over - 0 runs, 1 hit, 0 errors, 1 left on base; Fresno 1 - Charlotte 0 |
| TOP OF THE 2ND |
|
Fresno Grizzlies batting - Pitching for Charlotte Knights : LHP Carlos Toledo
|
|
Batting: RHB Nick Deegan
|
0-0: Ball 1-0: Fly out, F7 (Flyball, 7, EV 89.4 MPH)
|
|
Batting: LHB Bob Dietz
|
0-0: Ball 1-0: Swinging Strike 1-1: Foul Ball, location: 2F 1-2: Fly out, F9 (Flyball, 89S, EV 92.5 MPH)
|
|
Batting: RHB Workneh Lagat
|
0-0: Ball 1-0: Ball 2-0: Foul Ball, location: 2F 2-1: Ball 3-1: Base on Balls
|
|
Batting: RHB Dale Young
|
0-0: Foul Ball, location: 2F 0-1: Ball 1-1: Ball 2-1: DOUBLE (Line Drive, 5D, EV 95.6 MPH) Workneh Lagat to third Runner from 3rd tries for Home, throw by LF and OUT! 7-6-2
|
| Top of the 2nd over - 0 runs, 1 hit, 0 errors, 1 left on base; Fresno 1 - Charlotte 0 |
| BOTTOM OF THE 2ND |
|
Charlotte Knights batting - Pitching for Fresno Grizzlies : RHP Andy Harrigan
|
|
Batting: LHB Jason Bell
|
0-0: Foul Ball, location: 2F 0-1: Ball 1-1: Ball 2-1: Called Strike 2-2: Fly out, F7 (Flyball, 7D, EV 103.1 MPH)
|
|
Batting: LHB Adam Tarbutton
|
0-0: Swinging Strike 0-1: Foul Ball, location: 2F 0-2: Ball 1-2: SINGLE (Groundball, 6S, EV 70.0 MPH) (infield hit)
|
|
Batting: RHB Micah Brown
|
0-0: Called Strike 0-1: Grounds into double play, 5-4-3 (Groundball, 15, EV 85.6 MPH)
|
| Bottom of the 2nd over - 0 runs, 1 hit, 0 errors, 0 left on base; Fresno 1 - Charlotte 0 |
| TOP OF THE 3RD |
|
Fresno Grizzlies batting - Pitching for Charlotte Knights : LHP Carlos Toledo
|
|
Batting: RHB Sam Spohn
|
0-0: Fly out, F7 (Flyball, 78XD, EV 103.8 MPH)
|
|
Batting: LHB Angelo Vasquez
|
0-0: Foul Ball, location: 2F 0-1: Ground out 5-3 (Groundball, 5, EV 106.2 MPH)
|
|
Batting: RHB Elijah Hunter
|
0-0: Foul Ball, location: 2F 0-1: Ball 1-1: Swinging Strike 1-2: Strikes out looking
|
| Top of the 3rd over - 0 runs, 0 hits, 0 errors, 0 left on base; Fresno 1 - Charlotte 0 |
| BOTTOM OF THE 3RD |
|
Charlotte Knights batting - Pitching for Fresno Grizzlies : RHP Andy Harrigan
|
|
Batting: RHB Kikuo Sato
|
0-0: Ground out 1-3 (Groundball, 25, EV 72.5 MPH)
|
|
Batting: RHB Steve Waltenbery
|
0-0: Called Strike 0-1: Ball 1-1: Ball 2-1: Ball 3-1: Base on Balls
|
|
Batting: LHB John Thurman
|
0-0: Ball 1-0: Foul Ball, location: 2F 1-1: Foul Ball, location: 2F 1-2: Ball 2-2: Strikes out swinging
|
|
Batting: LHB Joe Kirkland
|
0-0: Ball 1-0: Ball Steve Waltenbery steals 2nd base 2-0: Ball 3-0: SINGLE (Line Drive, 8LS, EV 108.8 MPH) Steve Waltenbery to third Runner from 3rd tries for Home, throw by CF and OUT! 8-2
|
| Bottom of the 3rd over - 0 runs, 1 hit, 0 errors, 1 left on base; Fresno 1 - Charlotte 0 |
| TOP OF THE 4TH |
|
Fresno Grizzlies batting - Pitching for Charlotte Knights : LHP Carlos Toledo
|
|
Batting: RHB Mark Marks
|
0-0: Ball 1-0: Ball 2-0: Swinging Strike 2-1: Swinging Strike 2-2: Strikes out swinging
|
|
Batting: LHB Mark Dearth
|
0-0: Called Strike 0-1: Swinging Strike 0-2: Ball 1-2: Ball 2-2: Ball 3-2: Strikes out swinging
|
|
Batting: RHB Nick Deegan
|
0-0: Ball 1-0: Called Strike 1-1: Ball 2-1: Ball 3-1: Foul Ball, location: 2F 3-2: Base on Balls
|
|
Batting: LHB Bob Dietz
|
0-0: Called Strike 0-1: Ball 1-1: Ball 2-1: Ball 3-1: Base on Balls Nick Deegan to second
|
|
Batting: RHB Workneh Lagat
|
0-0: Ball 1-0: Fly out, F8 (Flyball, 8LS, EV 80.6 MPH)
|
| Top of the 4th over - 0 runs, 0 hits, 0 errors, 2 left on base; Fresno 1 - Charlotte 0 |
| BOTTOM OF THE 4TH |
|
Charlotte Knights batting - Pitching for Fresno Grizzlies : RHP Andy Harrigan
|
|
Batting: RHB Fletcher Easter
|
0-0: Swinging Strike 0-1: Ball 1-1: Ball 2-1: Ball 3-1: Base on Balls
|
|
Batting: RHB Ron Johansen
|
0-0: Ball 1-0: Grounds into double play, 4-6-3 (Groundball, 4, EV 96.2 MPH)
|
|
Batting: LHB Jason Bell
|
0-0: Called Strike 0-1: Ground out 5-3 (Groundball, 6, EV 88.8 MPH)
|
| Bottom of the 4th over - 0 runs, 0 hits, 0 errors, 0 left on base; Fresno 1 - Charlotte 0 |
| TOP OF THE 5TH |
|
Fresno Grizzlies batting - Pitching for Charlotte Knights : LHP Carlos Toledo
|
|
Batting: RHB Dale Young
|
0-0: Ball 1-0: Called Strike 1-1: Foul Ball, location: 2F 1-2: Ball 2-2: Ground out 5-3 (Groundball, 56, EV 101.2 MPH)
|
|
Batting: RHB Sam Spohn
|
0-0: Ball 1-0: Called Strike 1-1: Fly out, F7 (Flyball, 78D, EV 90.0 MPH)
|
|
Batting: LHB Angelo Vasquez
|
0-0: Ball 1-0: Ball 2-0: Foul Ball, location: 2F 2-1: Fly out, F7 (Flyball, 7, EV 79.4 MPH)
|
| Top of the 5th over - 0 runs, 0 hits, 0 errors, 0 left on base; Fresno 1 - Charlotte 0 |
| BOTTOM OF THE 5TH |
|
Charlotte Knights batting - Pitching for Fresno Grizzlies : RHP Andy Harrigan
|
|
Batting: LHB Adam Tarbutton
|
0-0: Ball 1-0: Ball 2-0: Foul Ball, location: 2F 2-1: Ball 3-1: Base on Balls
|
|
Batting: RHB Micah Brown
|
0-0: DOUBLE (Line Drive, 9LD, EV 99.4 MPH) Adam Tarbutton to third
|
|
Batting: RHB Kikuo Sato
|
0-0: Ball 1-0: Ground out 5-3 (Groundball, 15, EV 80.6 MPH)
|
|
Batting: RHB Steve Waltenbery
|
0-0: Ball 1-0: Ball 2-0: Ball 3-0: Base on Balls
|
|
Batting: LHB John Thurman
|
0-0: Grounds into fielders choice 3-2 (Groundball, 3, EV 103.1 MPH) Micah Brown to third Steve Waltenbery to second
|
|
Batting: LHB Joe Kirkland
|
0-0: Ground out 4-3 (Groundball, 34, EV 81.2 MPH)
|
| Bottom of the 5th over - 0 runs, 1 hit, 0 errors, 3 left on base; Fresno 1 - Charlotte 0 |
| TOP OF THE 6TH |
|
Fresno Grizzlies batting - Pitching for Charlotte Knights : LHP Carlos Toledo
|
|
Batting: RHB Elijah Hunter
|
0-0: Foul Ball, location: 2F 0-1: SOLO HOME RUN (Flyball, 7D, EV 100.6 MPH), Distance : 380 ft
|
|
Batting: RHB Mark Marks
|
0-0: Swinging Strike 0-1: Ball 1-1: Ball 2-1: Fly out, F7 (Flyball, 7LM, EV 80.6 MPH)
|
|
Batting: LHB Mark Dearth
|
0-0: Called Strike 0-1: Foul Ball, location: 2F 0-2: Foul Ball, location: 2F 0-2: Foul Ball, location: 2F 0-2: Ball 1-2: Ball 2-2: Strikes out swinging
|
|
Batting: RHB Nick Deegan
|
0-0: Ball 1-0: Ball 2-0: Ball 3-0: Foul Ball, location: 2F 3-1: Called Strike 3-2: Foul Ball, location: 2F 3-2: Ground out U3 (Groundball, 3, EV 105.6 MPH)
|
| Top of the 6th over - 1 run, 1 hit, 0 errors, 0 left on base; Fresno 2 - Charlotte 0 |
| BOTTOM OF THE 6TH |
|
Charlotte Knights batting - Pitching for Fresno Grizzlies : RHP Andy Harrigan
|
|
Batting: RHB Fletcher Easter
|
0-0: Ball 1-0: Ball 2-0: Foul Ball, location: 2F 2-1: Ball 3-1: Foul Ball, location: 2F 3-2: Fly out, F9 (Line Drive, 9S, EV 90.0 MPH)
|
|
Batting: RHB Ron Johansen
|
0-0: Ball 1-0: Ball 2-0: Foul Ball, location: 2F 2-1: Foul Ball, location: 2F 2-2: Fly out, F9 (Flyball, 9D, EV 86.2 MPH)
|
|
Batting: LHB Jason Bell
|
0-0: Swinging Strike 0-1: Ground out U3 (Groundball, 3S, EV 89.4 MPH)
|
| Bottom of the 6th over - 0 runs, 0 hits, 0 errors, 0 left on base; Fresno 2 - Charlotte 0 |
| TOP OF THE 7TH |
|
Fresno Grizzlies batting - Pitching for Charlotte Knights : LHP Carlos Toledo
|
|
Pitching: RHP Marvin Velasco
|
|
|
Batting: LHB Bob Dietz
|
0-0: Swinging Strike 0-1: Swinging Strike 0-2: Foul Ball, location: 2F 0-2: Foul Ball, location: 2F 0-2: Strikes out swinging
|
|
Batting: RHB Workneh Lagat
|
0-0: Swinging Strike 0-1: Swinging Strike 0-2: Foul Ball, location: 2F 0-2: Strikes out swinging
|
|
Batting: RHB Dale Young
|
0-0: Ball 1-0: Called Strike 1-1: Ball 2-1: Swinging Strike 2-2: Foul Ball, location: 2F 2-2: Ball 3-2: Base on Balls
|
|
Batting: RHB Sam Spohn
|
0-0: Called Strike Dale Young steals 2nd base 0-1: Foul Ball, location: 2F 0-2: Strikes out swinging
|
| Top of the 7th over - 0 runs, 0 hits, 0 errors, 1 left on base; Fresno 2 - Charlotte 0 |
| BOTTOM OF THE 7TH |
|
Charlotte Knights batting - Pitching for Fresno Grizzlies : RHP Andy Harrigan
|
|
Batting: LHB Adam Tarbutton
|
0-0: Ball 1-0: Ball 2-0: Ball 3-0: Called Strike 3-1: Fly out, F8 (Flyball, 8RD, EV 76.9 MPH)
|
|
Batting: RHB Micah Brown
|
0-0: Swinging Strike 0-1: Foul Ball, location: 2F 0-2: DOUBLE (Line Drive, 9D, EV 105.0 MPH)
|
|
Batting: RHB Kikuo Sato
|
0-0: Ground out U3 (Groundball, 3S, EV 81.9 MPH) Micah Brown to third
|
|
Pinch Hitting: LHB Edgar Castillo
|
0-0: Called Strike 0-1: Called Strike 0-2: Ground out 1-3 (Groundball, 13S, EV 67.5 MPH)
|
| Bottom of the 7th over - 0 runs, 1 hit, 0 errors, 1 left on base; Fresno 2 - Charlotte 0 |
| TOP OF THE 8TH |
|
Fresno Grizzlies batting - Pitching for Charlotte Knights : RHP Marvin Velasco
|
|
Pitching: LHP Bobby Martin
|
|
|
Now at 3B: Matt Childers
|
|
|
Now at SS: Micah Brown
|
|
|
Batting: SHB Paskar Adegoke
|
0-0: Ball 1-0: Called Strike 1-1: Ground out 6-3 (Groundball, 6, EV 85.6 MPH)
|
|
Batting: RHB Elijah Hunter
|
0-0: Ball 1-0: Foul Ball, location: 2F 1-1: Foul Ball, location: 2F 1-2: SINGLE (Groundball, 6MD, EV 106.2 MPH)
|
|
Batting: RHB Mark Marks
|
0-0: Called Strike 0-1: Foul Ball, location: 2F 0-2: Foul Ball, location: 2F 0-2: Foul Ball, location: 2F 0-2: Strikes out swinging
|
|
Pitching: RHP Dave McGee
|
|
|
Batting: LHB Mark Dearth
|
0-0: Ball 1-0: Called Strike 1-1: Swinging Strike 1-2: Foul Ball, location: 2F 1-2: Ball 2-2: Foul Ball, location: 2F 2-2: Ball 3-2: Strikes out swinging
|
| Top of the 8th over - 0 runs, 1 hit, 0 errors, 1 left on base; Fresno 2 - Charlotte 0 |
| BOTTOM OF THE 8TH |
|
Charlotte Knights batting - Pitching for Fresno Grizzlies : RHP Andy Harrigan
|
|
Batting: LHB John Thurman
|
0-0: Ball 1-0: Foul Ball, location: 2F 1-1: Swinging Strike 1-2: Strikes out swinging
|
|
Pitching: RHP Jordan Tejeda
|
|
|
Batting: LHB Joe Kirkland
|
0-0: Swinging Strike 0-1: Ball 1-1: Swinging Strike 1-2: Ball 2-2: Strikes out swinging
|
|
Batting: RHB Fletcher Easter
|
0-0: Ball 1-0: Foul Ball, location: 2F 1-1: Foul Ball, location: 2F 1-2: Foul Ball, location: 2F 1-2: Ball 2-2: Fly out, F8 (Flyball, 8LD, EV 105.0 MPH)
|
| Bottom of the 8th over - 0 runs, 0 hits, 0 errors, 0 left on base; Fresno 2 - Charlotte 0 |
| TOP OF THE 9TH |
|
Fresno Grizzlies batting - Pitching for Charlotte Knights : RHP Dave McGee
|
|
Batting: RHB Nick Deegan
|
0-0: Called Strike 0-1: Swinging Strike 0-2: Foul Ball, location: 2F 0-2: Ground out U3 (Groundball, 3S, EV 69.4 MPH)
|
|
Batting: LHB Bob Dietz
|
0-0: Foul Ball, location: 2F 0-1: Foul Ball, location: 2F 0-2: Foul Ball, location: 2F 0-2: Foul Ball, location: 2F 0-2: Strikes out swinging
|
|
Batting: RHB Workneh Lagat
|
0-0: Swinging Strike 0-1: Ball 1-1: Foul Ball, location: 2F 1-2: Foul Ball, location: 2F 1-2: Foul Ball, location: 2F 1-2: Ball 2-2: Foul Ball, location: 2F 2-2: Ball 3-2: Foul Ball, location: 2F 3-2: Strikes out swinging
|
| Top of the 9th over - 0 runs, 0 hits, 0 errors, 0 left on base; Fresno 2 - Charlotte 0 |
| BOTTOM OF THE 9TH |
|
Charlotte Knights batting - Pitching for Fresno Grizzlies : RHP Jordan Tejeda
|
|
Pitching: RHP Josh Holloway
|
|
|
Batting: RHB Ron Johansen
|
0-0: Swinging Strike 0-1: Ball 1-1: SINGLE (Groundball, 4M, EV 100.6 MPH) (infield hit)
|
|
Batting: LHB Jason Bell
|
0-0: Called Strike 0-1: Called Strike 0-2: Strikes out looking
|
|
Batting: LHB Adam Tarbutton
|
0-0: Ball 1-0: Called Strike 1-1: Swinging Strike 1-2: Foul Ball, location: 2F 1-2: Ball 2-2: Ball 3-2: Strikes out looking
|
|
Batting: RHB Micah Brown
|
0-0: Ball 1-0: Ball 2-0: Foul Ball, location: 2F 2-1: Foul Ball, location: 2F 2-2: Foul Ball, location: 2F 2-2: Foul Ball, location: 2F 2-2: Ball 3-2: Fly out, F8 (Flyball, 8LM, EV 85.6 MPH)
|
| Bottom of the 9th over - 0 runs, 1 hit, 0 errors, 1 left on base; Fresno 2 - Charlotte 0 |
|